 Dungeon Crawl Stone Soup version 0.31.0-11-ge490571c62 (webtiles) character file.

Game seed: 17502188010479874261

11 DopeyGorilla666 the Caller (level 2, 0/13 HPs)
             Began as a Felid Summoner on Jan 29, 2024.
             Slain by a quokka (4 damage)
             ... on level 2 of the Dungeon.
             The game lasted 00:10:00 (513 turns).

DopeyGorilla666 the Caller (Felid Summoner)          Turns: 513, Time: 00:10:01

Health: 0/13       AC:  1    Str:  4    XL:     2   Next: 13%
Magic:  6/6        EV: 17    Int: 18    God:
Gold:   7          SH:  0    Dex: 16    Spells: 4/5 levels left
                                        Lives:  0   Deaths: 1

rFire   . . .        (weapon unavailable)
rCold   . . .        (shield unavailable)
rNeg    . . .        (body armour unavailable)
rPois   .            (helmet unavailable)
rElec   .            (cloak unavailable)
rCorr   .            (gloves unavailable)
SInv    +            (boots unavailable)
Will    .....        (no amulet)
Stlth   ++           (no ring)
HPRegen 0.22/turn    (no ring)
MPRegen 0.10/turn

%: no passive effects
@: no status effects
A: very small, claws 1, fangs 3, see invisible, shaggy fur 1, stealthy paws, no
weapons or thrown items, no armour, multi-lived
a: no special abilities


You were on level 2 of the Dungeon.
You visited 1 branch of the dungeon, and saw 2 of its levels.

You collected 7 gold pieces.

Inventory:

Hand Weapons
 b - a +0 dagger
 c - a +0 club
Scrolls
 e - a scroll of vulnerability {unknown}
Potions
 a - a potion of magic


   Skills:
 + Level 2.8 Dodging
 + Level 2.7 Stealth
 + Level 2.0 Spellcasting
 + Level 4.4 Summonings


You had 4 spell levels left.
You knew the following spells:

 Your Spells              Type           Power      Damage    Failure   Level
a - Summon Small Mammal   Summ           68%        N/A       3%          1

Your spell library contained the following spells:

 Spells                   Type           Power      Damage    Failure   Level
 Call Imp                 Summ           34%        N/A       4%          2
 Call Canine Familiar     Summ           17%        N/A       9%          3
 Summon Blazeheart Golem  Fire/Summ      9%         N/A       58%         4
 Summon Lightning Spire   Summ/Air       9%         N/A       58%         4


Dungeon Overview and Level Annotations

Branches:
Dungeon (2/15)

Altars:


Innate Abilities, Weirdness & Mutations

You have sharp claws.
You have razor-sharp teeth.
You have supernaturally acute eyesight. (SInv)
You are covered in fur. (AC +1)
Your paws help you pounce on unaware monsters.
You are incapable of wielding weapons or throwing items.
You cannot wear armour.
You gain extra lives every three experience levels.


Message History

The kobold hits you with a +0 dagger.
You barely miss the kobold. Your bite misses the kobold.
The quokka closely misses you.
You scratch the kobold but do no damage.
You bite the kobold.
The kobold is severely wounded.
The kobold misses you. The quokka misses you.
You closely miss the kobold.
The kobold is severely wounded.
The kobold closely misses you. The quokka bites you.
You scratch the kobold but do no damage.
The kobold is severely wounded.
The quokka closely misses you. The kobold hits you with a +0 dagger.
The quokka bites you.
You barely miss the kobold.
The kobold is severely wounded.
The kobold misses you. The quokka misses you.
You scratch the kobold but do no damage.
The kobold is severely wounded.
The kobold barely misses you. The quokka closely misses you.
You scratch the kobold.
You kill the kobold!
The quokka barely misses you. The quokka misses you.
Things that are here:
a +0 dagger; a stone; a kobold corpse You scratch the quokka.
The quokka is moderately wounded.
The quokka barely misses you. The quokka bites you.
* * * LOW HITPOINT WARNING * * *
You barely miss the quokka.
The quokka is moderately wounded.
The quokka misses you.
You barely miss the quokka.
The quokka is moderately wounded.
The quokka completely misses you.
You completely miss the quokka.
The quokka is moderately wounded.
The quokka bites you.
You die...

#.# #.....# #.#
#.....# #.# #####+#
#+ #.# #..
#########.# ....
#.........#
.....##.########
........##########.
....#.....@........
.. #.....r...####.
#...(.....#
#............
#######....!..
#........ #........
#........ ...


You could see a quokka.

Vanquished Creatures
  A bat (D:1)
  An endoplasm (D:1)
  2 hobgoblins (D:1)
  A kobold (D:2)
  A frilled lizard (D:1)
  A rat (D:1)
7 creatures vanquished.

Vanquished Creatures (collateral kills)
  A dart slug (D:1)
1 creature vanquished.

Grand Total: 8 creatures vanquished

Notes
Turn   | Place    | Note
-------+----------+-------------------------------------------
     0 | D:1      | DopeyGorilla666 the Felid Summoner began the quest for the
                  | Orb.
     0 | D:1      | Reached XP level 1. HP: 9/9 MP: 4/4
   387 | D:1      | Slain by a rat
   387 | D:1      | Lost a life (0 lives remaining)
   459 | D:1      | Reached XP level 2. HP: 4/13 MP: 6/6
   513 | D:2      | Slain by a quokka

Illustrated notes

Levels and vault maps discovered:
D:1:      evilmike_arrival_crescent, layout_basic
D:2:      layout_basic, uniq_natasha

Action                     || total
---------------------------++-------
  Melee: Unarmed           ||    38
         Bite              ||     3
   Cast: Summon Small Mamm ||    13
 Armour: Skin              ||    34
  Dodge: Dodged            ||    83
